 Dungeon Crawl Stone Soup version 0.18.1-50-g88ac8fd (webtiles) character file.

1054 magog001 the Shield-Bearer (level 8, -5/54 HPs)
             Began as a High Elf Fighter on Oct 18, 2017.
             Killed by divine providence
             ... invoked by an orc priest
              (12 damage)
             ... on level 5 of the Dungeon.
             The game lasted 00:22:46 (3746 turns).

magog001 the Shield-Bearer (High Elf Fighter)       Turns: 3746, Time: 00:22:48

Health: -5/54      AC: 12    Str: 17    XL:     8   Next: 5%
Magic:  9/9        EV:  5    Int: 12    God:
Gold:   254        SH: 10    Dex: 15    Spells: 0 memorised, 7 levels left

rFire  . . .     SeeInvis .     z - +1 mace (protect)
rCold  . . .     Gourm    .     b - +0 scale mail
rNeg   . . .     Faith    .     c - +0 shield
rPois  .         Spirit   .     (no helmet)
rElec  .         Dismiss  .     l - +0 cloak (curse)
rCorr  .         Reflect  .     (no gloves)
SustAt .         Harm     .     (no boots)
MR     .....                    p - amulet of regeneration
Stlth  ..........               y - -4 ring of protection (curse)
                                m - +3 ring of protection

@: not resistant to hostile enchantments, extremely unstealthy
A: no striking features
a: no special abilities


You were on level 5 of the Dungeon.
You were hungry.

You visited 1 branch of the dungeon, and saw 5 of its levels.

You collected 254 gold pieces.

Inventory:

Hand Weapons
 a - a +0 war axe
 q - a +1 trident of venom
 r - a +2 whip of venom
 z - a +1 mace of protection (weapon)
Missiles
 e - 31 sling bullets
 i - 123 stones (quivered)
 k - 13 poisoned needles
 o - 8 javelins
Armour
 b - a +0 scale mail (worn)
 c - a +0 shield (worn)
 l - a cursed +0 cloak (worn)
 u - a +0 cloak of poison resistance
Jewellery
 m - a +3 ring of protection (left hand)
 p - an amulet of regeneration (around neck)
 v - a +3 ring of evasion
 y - a cursed -4 ring of protection (right hand)
Wands
 d - a wand of flame (24/48)
 w - a wand of lightning (12/15)
Scrolls
 j - 2 scrolls of identify
Potions
 g - a potion of haste {unknown}
 n - a potion of brilliance {unknown}
 s - a potion of magic {unknown}
 x - 3 potions of heal wounds {unknown}
Comestibles
 f - 3 bread rations
 h - 8 chunks of flesh


   Skills:
 + Level 3.8 Fighting
 - Level 3.6(3.7) Axes
 * Level 0.8(2.4) Maces & Flails
 * Level 4.6 Armour
 * Level 4.8 Dodging
 + Level 0.2 Stealth
 * Level 5.2 Shields


You had 7 spell levels left.
You didn't know any spells.

Dungeon Overview and Level Annotations

Branches:
Dungeon (5/15)             Temple (0/1) D:4

Altars:
Elyvilon

Annotations:
D:5 Blork the orc, Duvessa


Message History

Blork the orc points at you and mumbles some strange words.
The puff of flame hits you!
* * * LOW HITPOINT WARNING * * *
Blork the orc screams, "I don't like you!"
Blork the orc casts a spell at you. The puff of frost hits you!
Blork the orc points at you and mumbles some strange words.
The puff of flame hits you!
Blork the orc gestures at you while chanting.
The puff of frost hits you!
* * * LOW HITPOINT WARNING * * *
The orc priest looks braver for a moment.
There is a stone staircase leading down here.
Blork the orc gestures at you while chanting.
The puff of frost hits you!
Blork the orc gestures at you while chanting.
The puff of frost hits you!
The orc priest mumbles some strange prayers to Beogh against you.
Beogh smites you!
You die...

#oo.#.....#
##...## ###
#..o.# ...
######..##.#
#....oo.#..# ##
#(........# ..
#........##.#
#...........#
#...@....####
#........#
#........#####
#.......))...##
#######..###..#
#....##.####
#..##.##....##
#.###........###
#.. ######......


You could see Blork the orc, an orc priest and an orc.

Vanquished Creatures
  Sigmund (D:2)
  The ghost of megamataman the Charlatan, an amateur DsAr (D:3)
  An orc warrior (D:5)
  An ogre (D:4)
  A centaur (D:4)
  Dowan (D:5)
  Crazy Yiuf (D:4)
  3 orc wizards (D:5)
  2 iguanas (D:4)
  Natasha (thrice) (D:2)
  Terence (D:2)
  2 worker ants (D:4)
  2 hound skeletons
  5 adders
  A worm (D:4)
  3 dart slugs
  A giant gecko (D:4)
  10 orcs
  2 ball pythons
  9 bats
  5 giant cockroaches
  9 goblins
  6 hobgoblins
  6 jackals
  7 kobolds
  A quokka (D:2)
  2 giant newts
  A quokka skeleton (D:4)
  5 rats
93 creatures vanquished.

Vanquished Creatures (others)
  A bat (D:3)
1 creature vanquished.

Grand Total: 94 creatures vanquished

Notes
Turn   | Place    | Note
--------------------------------------------------------------
     0 | D:1      | magog001 the High Elf Fighter began the quest for the Orb.
     0 | D:1      | Reached XP level 1. HP: 16/16 MP: 2/2
     2 | D:1      | Noticed a draconian
     4 | D:1      | Noticed an ogre
     4 | D:1      | Noticed a vine stalker
     6 | D:1      | Noticed a tengu
     6 | D:1      | Noticed a ghoul
     8 | D:1      | Noticed a vampire
     8 | D:1      | Noticed a demonspawn
    10 | D:1      | Noticed a dwarf
    10 | D:1      | Noticed a merfolk
    12 | D:1      | Noticed a minotaur
    12 | D:1      | Noticed a demigod
    14 | D:1      | Noticed a spriggan
    14 | D:1      | Noticed a human
    16 | D:1      | Noticed an octopode
    18 | D:1      | Noticed a naga
    20 | D:1      | Noticed a felid
    20 | D:1      | Noticed a gargoyle
    22 | D:1      | Noticed a formicid
    24 | D:1      | Noticed a troll
    24 | D:1      | Noticed a centaur
    26 | D:1      | Noticed a halfling
    26 | D:1      | Noticed an elf
   149 | D:1      | Reached XP level 2. HP: 9/21 MP: 3/3
   449 | D:1      | Reached skill level 3 in Shields
   797 | D:2      | Reached XP level 3. HP: 14/26 MP: 4/4
  1138 | D:2      | Noticed Sigmund
  1208 | D:2      | Noticed Natasha
  1210 | D:2      | Noticed Terence
  1256 | D:2      | Killed Natasha
  1256 | D:2      | Reached skill level 1 in Dodging
  1256 | D:2      | Reached XP level 4. HP: 24/31 MP: 5/5
  1257 | D:2      | Killed Terence
  1292 | D:2      | Killed Sigmund
  1292 | D:2      | Reached skill level 4 in Shields
  1292 | D:2      | Reached XP level 5. HP: 19/36 MP: 6/6
  1355 | D:2      | Noticed Natasha
  1362 | D:2      | Killed Natasha
  1362 | D:2      | Reached XP level 6. HP: 42/42 MP: 7/7
  1388 | D:2      | Noticed Natasha
  1396 | D:2      | Killed Natasha
  1869 | D:3      | Found a white marble altar of Elyvilon.
  1919 | D:3      | Noticed megamataman's ghost (amateur DsAr)
  1955 | D:3      | Killed megamataman's ghost
  2705 | D:4      | Reached XP level 7. HP: 37/46 MP: 8/8
  2953 | D:4      | Found a staircase to the Ecumenical Temple.
  3135 | D:4      | Noticed Crazy Yiuf
  3146 | D:4      | Killed Crazy Yiuf
  3296 | D:4      | Reached skill level 5 in Shields
  3478 | D:5      | Entered Level 5 of the Dungeon
  3572 | D:5      | HP: 2/46 [orc/trident (4)]
  3684 | D:5      | Noticed Blork the orc
  3684 | D:5      | Noticed Dowan
  3685 | D:5      | Noticed Duvessa
  3702 | D:5      | Killed Dowan
  3702 | D:5      | Reached XP level 8. HP: 53/54 MP: 9/9
  3746 | D:5      | Killed from afar by an orc priest

Skill      XL: |  1  2  3  4  5  6  7 |
---------------+----------------------+-----
Armour         | 3 4 |  4.6
Shields        | 3 4 5 |  5.2
Axes           | 2 3 |  3.6
Dodging        | 1 2 3 4 |  4.8
Fighting       | |  3.8
Maces & Flails | |  0.8
Stealth        | |  0.2

Action                   |  1- 3 |  4- 6 |  7- 9 || total
-------------------------+-------+-------+-------++-------
Melee: War axe           |    98 |   198 |    76 ||   372
       Whip              |       |       |    26 ||    26
       Mace              |       |       |    33 ||    33
Throw: Stone             |       |    10 |       ||    10
  Use: Scroll            |       |     2 |     4 ||     6
       Potion            |       |       |     4 ||     4
 Stab: Distracted        |       |     1 |       ||     1
  Eat: Bread ration      |     1 |       |       ||     1
       Chunk             |       |     2 |     3 ||     5
Armor: Scale mail        |    84 |    98 |    56 ||   238
Dodge: Dodged            |    57 |   119 |    56 ||   232
Block: Shield            |    77 |   133 |    76 ||   286
